 Dungeon Crawl Stone Soup version 0.20.1-1-g8b1a95d (webtiles) character file.

299 Monsterracer the Sneak (level 6, 0/28 HPs)
             Began as a Spriggan Enchanter on Aug 18, 2017.
             Was a Follower of Uskayaw.
             Slain by a crimson imp (4 damage)
             ... on level 5 of the Dungeon.
             The game lasted 00:08:45 (3872 turns).

Monsterracer the Sneak (Spriggan Enchanter)         Turns: 3872, Time: 00:08:46

Health: 0/28       AC:  2    Str:  4    XL:     6   Next: 13%
Magic:  1/13       EV: 18    Int: 16    God:    Uskayaw [*.....]
Gold:   116        SH:  0    Dex: 19    Spells: 1/13 levels left

rFire    . . .     SeeInvis +   a - +2 dagger
rCold    . . .     Gourm    .   (shield restricted)
rNeg     . . .     Faith    .   b - +0 robe
rPois    .         Spirit   .   (helmet restricted)
rElec    .         Reflect  .   (no cloak)
rCorr    .         Harm     .   (gloves unavailable)
MR       +....                  (boots unavailable)
Stlth    ++++......             (no amulet)
Regen    0.1/turn               (no ring)
MPRegen  0.2/turn               (no ring)

@: very slightly contaminated, very quick
A: unfitting armour, see invisible, herbivore 3, speed 3, slow metabolism 2
a: Stomp, Renounce Religion


You were on level 5 of the Dungeon.
You worshipped Uskayaw.
Uskayaw was noncommittal.
You were not hungry.

You visited 1 branch of the dungeon, and saw 5 of its levels.

You collected 221 gold pieces.
You spent 105 gold pieces at shops.

Inventory:

Hand Weapons
 a - a +2 dagger (weapon)
Missiles
 j - 2 throwing nets (quivered)
Armour
 b - a +0 robe (worn)
Wands
 t - a wand of flame (20/48)
Scrolls
 e - 3 scrolls of remove curse
 f - 4 scrolls of identify
 k - 2 scrolls of teleportation
 q - 2 scrolls of blinking
 r - a scroll of recharging
Potions
 c - a potion of mutation
 g - 3 potions of invisibility
 h - 3 potions of haste
 o - a potion of heal wounds
 p - 3 potions of curing
 s - a potion of cancellation
Books
 l - a book of Minor Magic

   Spells                             Type                      Level
   a - Magic Dart                     Conjuration                  1
   b - Blink                          Translocation                2
   c - Call Imp                       Summoning                    2
   d - Slow                           Hexes                        2
   e - Conjure Flame                  Conjuration/Fire             3
   f - Mephitic Cloud                 Conjuration/Poison/Air       3
Comestibles
 d - 3 bread rations
 n - a royal jelly


   Skills:
 + Level 3.4 Short Blades
 - Level 3.0 Dodging
 + Level 6.4 Stealth
 + Level 4.0 Spellcasting
 + Level 4.9 Hexes
 + Level 2.0 Invocations


You had one spell level left.
You knew the following spells:

 Your Spells              Type           Power        Failure   Level  Hunger
a - Dazzling Spray        Conj/Hex       ##....       19%         3    ###....
b - Ensorcelled Hibernat  Hex/Ice        ##....       9%          2    ##.....
c - Confuse               Hex            ###.....     7%          3    ###....
d - Tukima's Dance        Hex            ###.....     7%          3    ###....
e - Corona                Hex            ###....      2%          1    None


Dungeon Overview and Level Annotations

Branches:
Dungeon (5/15)             Temple (0/1) D:4

Altars:
Cheibriados
Hepliaklqana
Qazlal
Uskayaw

Shops:
D:4 *


Innate Abilities, Weirdness & Mutations

You are very small and have problems with some larger weapons.
You are too small for most types of armour.
You have supernaturally acute eyesight. (SInv)
You are a herbivore.
You cover ground extremely quickly.
You need consume almost no food.


Message History

Press: ? - help, Dir - move target cursor, f - you
Okay, then.
The centaur skeleton hits you.
* * * LOW HITPOINT WARNING * * *
Huge Dmg: -10%(-3hp) hp: 15%(4hp)
Aiming: Line Pass
Press: ? - help, Dir - move target cursor The centaur skeleton appears confused.
The orc appears confused.
* * * LOW MAGIC WARNING * * *
You feel somewhat more hungry.
You can no longer pass through a line of other dancers.
The leopard gecko completely misses you.
The centaur skeleton barely misses the orc.
The leopard gecko closely misses you.
You catch the helpless orc completely off-guard!
You impale the orc!!
You kill the orc!
The crimson imp hits you.
You die...

#..#...#. .#...#.
#...#...# ..#..l#
#...)#.. #..!#..!
#...#...#...#...# .
#..#...#...#.lo#.
.#####.......(........
..........#...#...#...
#........#.†5#...#..l#
#.#.#...#Z)@#(..#[§.#
#.#.#.#.)..#l..#...#...#
#.#.#.#.....#...#...#...
#.#.....................
#.#.###†................
#.#.###..#####.......###
#.#.##...# #.........
####.#.##..####
#.....|..##
#.............#
#.........


You could see a crimson imp, a leopard gecko and a centaur skeleton (confused).

Vanquished Creatures
  An ogre (D:4)
  2 worker ants
  A hound skeleton (D:4)
  4 gnolls (D:4)
  5 adders
  2 adder skeletons
  2 leopard geckos
  3 orcs
  4 giant cockroaches
  6 hobgoblins
  3 jackals (D:3)
  8 kobolds
  2 quokkas
  7 ball pythons
  3 bats
  7 frilled lizards
  7 goblins
  A quokka zombie (D:5)
  8 rats
76 creatures vanquished.

Vanquished Creatures (others)
  A fungus (D:2)
1 creature vanquished.

Grand Total: 77 creatures vanquished

Notes
Turn   | Place    | Note
-------+----------+-------------------------------------------
     0 | D:1      | Monsterracer the Spriggan Enchanter began the quest for the Orb.
     0 | D:1      | Reached XP level 1. HP: 9/9 MP: 5/5
   139 | D:1      | Reached XP level 2. HP: 13/13 MP: 6/6
   296 | D:1      | Learned a level 2 spell: Ensorcelled Hibernation
   385 | D:1      | HP: 6/13 [rat (2)]
   391 | D:1      | HP: 5/13 [bat (1)]
   398 | D:1      | HP: 1/13 [rat (2)]
   401 | D:1      | Reached skill level 5 in Stealth
  1304 | D:2      | Reached XP level 3. HP: 16/16 MP: 8/8
  1400 | D:2      | Learned a level 3 spell: Confuse
  1612 | D:2      | HP: 8/16 [adder (3)]
  1800 | D:2      | Found a hide-covered altar of Uskayaw.
  1814 | D:2      | Reached XP level 4. HP: 19/21 MP: 9/9
  1823 | D:2      | Became a worshipper of Uskayaw the Reveler
  2107 | D:3      | Reached * piety under Uskayaw
  2449 | D:3      | Learned a level 3 spell: Dazzling Spray
  2812 | D:4      | Found a hazy altar of Hepliaklqana.
  2812 | D:4      | Found a stormy altar of Qazlal.
  2814 | D:4      | Found a snail-covered altar of Cheibriados.
  2831 | D:4      | Reached ** piety under Uskayaw
  2837 | D:4      | Reached *** piety under Uskayaw
  2903 | D:4      | Noticed an ogre
  2918 | D:4      | Killed an ogre
  2918 | D:4      | Reached skill level 6 in Stealth
  2918 | D:4      | Reached skill level 1 in Invocations
  2918 | D:4      | Reached XP level 5. HP: 24/24 MP: 6/11
  2942 | D:4      | Found a staircase to the Ecumenical Temple.
  3037 | D:4      | HP: 12/24 [poisoned by a worker ant]
  3044 | D:4      | HP: 10/24 [poisoned by a worker ant]
  3051 | D:4      | HP: 8/24 [poisoned by a worker ant]
  3059 | D:4      | HP: 7/24 [poisoned by a worker ant]
  3359 | D:4      | Found Fukk's General Store.
  3363 | D:4      | Bought a scroll of blinking for 105 gold pieces
  3549 | D:4      | Learned a level 3 spell: Tukima's Dance
  3642 | D:5      | Entered Level 5 of the Dungeon
  3809 | D:5      | Reached XP level 6. HP: 25/28 MP: 9/13
  3865 | D:5      | HP: 14/28 [orc/hand axe (3)]
  3867 | D:5      | HP: 6/28 [orc/hand axe (8)]
  3872 | D:5      | Slain by a crimson imp

Skill      XL: |  1  2  3  4  5  6 |
---------------+-------------------+-----
Stealth        | 5 6 |  6.4
Hexes          | 4 |  4.9
Spellcasting   | 3 4 |  4.0
Short Blades   | 2 3 |  3.4
Invocations    | 1 2 |  2.0
Dodging        | |  3.0

Action                   |  1- 3 |  4- 6 || total
-------------------------+-------+-------++-------
Melee: Dagger            |   101 |   145 ||   246
 Cast: Ensorcelled Hiber |     4 |     9 ||    13
       Dazzling Spray    |       |     3 ||     3
Invok: Stomp             |       |     1 ||     1
       Line Pass         |       |     1 ||     1
  Use: Scroll            |     3 |     7 ||    10
       Potion            |     2 |       ||     2
 Stab: Sleeping          |    17 |    11 ||    28
       Distracted        |     1 |     1 ||     2
       Invisible         |     1 |     3 ||     4
       Confused          |       |     1 ||     1
  Eat: Fruit             |       |     2 ||     2
Armor: Robe              |    13 |    14 ||    27
Dodge: Dodged            |    85 |   108 ||   193
